 Dungeon Crawl Stone Soup version 0.25-a0-488-g03579ab (webtiles) character file.

Game seed: 10927882312062322964, levelgen mode: deterministic

1156124 Faca the Merfolkian Porcupine (level 27, -6/224 HPs)
             Began as a Merfolk Gladiator on Feb 9, 2020.
             Was the Champion of the Shining One.
             Mangled by an apis (13 damage)
             ... in Pandemonium on Feb 10, 2020.
             The game lasted 05:37:20 (114217 turns).

Faca the Merfolkian Porcupine (Merfolk Gladiator) Turns: 114217, Time: 05:37:21

Health: -6/224     AC: 39    Str: 41    XL:     27
Magic:  0/27       EV: 33    Int: 12    God:    the Shining One [******]
Gold:   8264       SH: 23    Dex: 21    Spells: 26/26 levels left

rFire    + + .     SeeInvis +   M - +9 trishula (holy)
rCold    + + .     Gourm    .   L - +2 kite shield {rC+}
rNeg     + + +     Faith    .   m - +12 gold dragon scales
rPois    +         Spirit   +   Q - +0 helmet "Vuossuddae" {rC- rCorr Int+4 Dex+2}
rElec    +         Reflect  .   R - +1 cloak of Starlight {rElec rC+ EV+4 Stlth--}
rCorr    +         Harm     .   N - +0 pair of gloves of the Thinker {Slay+6}
MR       +++..     Rnd*Tele +   u - +2 pair of boots of the Assassin {Detection Stab+ Stlth++}
Stlth    ..........             t - amulet "Omappuel" {Spirit Str+6 Int+4 SInv}
HPRegen  0.00/turn              o - ring "Ridoes" {MR+ Str+5 Stlth+}
MPRegen  0.20/turn              A - ring of protection from fire

@: mighty, glowing
A: change form in water, swift swim, stealthy swim, blurry vision 1, deformed
body, deterioration 1, dopey 2, frail 1, low mp 3, screaming 1, electricity
resistance, inhibited regeneration, strong 1, teleportitis 1, no potion heal 2
}: 11/15 runes: decaying, serpentine, slimy, silver, iron, obsidian, icy, bone,
abyssal, demonic, glowing
a: Divine Shield, Cleansing Flame, Summon Divine Warrior, Renounce Religion


You were in Pandemonium.
You worshipped the Shining One.
The Shining One was exalted by your worship.
You were not hungry.

You visited 17 branches of the dungeon, and saw 87 of its levels.
You visited Pandemonium 1 time, and saw 10 of its levels.
You visited the Abyss 1 time.
You also visited: Ossuary, Gauntlet, Ice Cave and Wizlab.

You collected 13723 gold pieces.
You spent 5459 gold pieces at shops.

Inventory:

Hand Weapons
 M - a +9 trishula of holy wrath (weapon)
Missiles
 a - 68 javelins
 d - 5 throwing nets
 l - 18 silver javelins (quivered)
Armour
 m - +12 gold dragon scales (worn)
 u - the +2 pair of boots of the Assassin (worn) {Detection Stab+ Stlth++}
   (You found it on level 7 of the Dungeon)

   It makes you much more stealthy.
   If you remove this armour, your AC will decrease by 4 (39 -> 35).
 L - a +2 kite shield of cold resistance (worn)
 N - the +0 pair of gloves of the Thinker (worn) {Slay+6}
   (Okawaru gifted it to you on level 9 of the Dungeon)

   It affects your accuracy and damage with ranged weapons and melee attacks
   (+6).
   If you remove this armour, your AC will decrease by 2 (39 -> 37).
 Q - the +0 helmet "Vuossuddae" (worn) {rC- rCorr Int+4 Dex+2}
   (You found it in a Gauntlet)

   It affects your intelligence (+4).
   It affects your dexterity (+2).
   It makes you vulnerable to cold.
   It provides partial protection from all sources of acid and corrosion.
   If you remove this armour, your AC will decrease by 2 (39 -> 37).
 R - the +1 cloak of Starlight (worn) {rElec rC+ EV+4 Stlth--}
   (You found it on level 3 of the Elven Halls)

   It affects your evasion (+4).
   It protects you from cold.
   It insulates you from electricity.
   It makes you much less stealthy.
   If you remove this armour, your AC will decrease by 3 (39 -> 36).
Jewellery
 o - the ring "Ridoes" (left hand) {MR+ Str+5 Stlth+}
   (You found it on level 4 of the Realm of Zot)

   [ring of protection from magic]

   It affects your strength (+5).
   It affects your resistance to hostile enchantments.
   It makes you more stealthy.
 t - the amulet "Omappuel" (around neck) {Spirit Str+6 Int+4 SInv}
   (You took it off a vault warden on level 5 of the Vaults)

   [amulet of guardian spirit]

   It causes incoming damage to be split between your health and magic.
   It affects your strength (+6).
   It affects your intelligence (+4).
   It lets you see invisible.
 A - a ring of protection from fire (right hand)
 G - the ring of Zoilyt Kieti {Ice MR+ Dex+3}
   (You found it on level 7 of Tartarus)

   [ring of ice]

   It enhances your ice magic.
   It affects your dexterity (+3).
   It makes you vulnerable to fire.
   It protects you from cold.
   It affects your resistance to hostile enchantments.
Wands
 K - a wand of digging (8)
Scrolls
 e - 3 scrolls of silence
 g - 28 scrolls of remove curse
 h - 2 scrolls of holy word
 k - 24 scrolls of teleportation
 r - 9 scrolls of immolation
 x - a scroll of enchant armour
 y - 3 scrolls of fog
 D - 7 scrolls of identify
 I - 6 scrolls of blinking
 J - 3 scrolls of magic mapping
 O - 4 scrolls of summoning
 V - 5 scrolls of fear
Potions
 b - 8 potions of might
 c - 4 potions of ambrosia
 n - 8 potions of haste
 p - 3 potions of agility
 s - 6 potions of berserk rage
 v - 4 potions of lignification
 z - 10 potions of curing
 B - a potion of mutation
 C - 5 potions of brilliance
 F - 11 potions of flight
 H - a potion of resistance
Comestibles
 f - 74 rations


   Skills:
 O Level 27 Fighting
 O Level 27 Polearms
 + Level 23.5 Throwing
 + Level 20.1 Armour
 O Level 27 Dodging
 O Level 27 Shields
 + Level 23.7 Invocations


You had 26 spell levels left.
You didn't know any spells.
Your spell library contained the following spells:

 Spells                   Type           Power        Failure   Level  Hunger
 Animate Skeleton         Necr           N/A          88%         1    ##.....
 Apportation              Tloc           #.....       88%         1    ##.....
 Beastly Appendage        Tmut           #.....       88%         1    ##.....
 Corona                   Hex            #......      88%         1    ##.....
 Foxfire                  Conj/Fire      #...         88%         1    ##.....
 Freeze                   Ice            #...         88%         1    ##.....
 Magic Dart               Conj           #...         88%         1    ##.....
 Pain                     Necr           #...         88%         1    ##.....
 Sandblast                Erth           #.....       88%         1    ##.....
 Shock                    Conj/Air       #...         88%         1    ##.....
 Sting                    Tmut/Pois      #...         88%         1    ##.....
 Summon Butterflies       Summ           #.......     88%         1    ##.....
 Summon Small Mammal      Summ           #...         88%         1    ##.....
 Blink                    Tloc           N/A          95%         2    ###....
 Call Imp                 Summ           #.......     95%         2    ###....
 Corpse Rot               Necr/Air       N/A          95%         2    ###....
 Passwall                 Tmut/Erth      #.......     95%         2    ###....
 Poisonous Vapours        Pois/Air       #.....       95%         2    ###....
 Shroud of Golubria       Chrm/Tloc      #.....       95%         2    ###....
 Slow                     Hex            #.......     95%         2    ###....
 Sublimation of Blood     Necr           #.........   95%         2    ###....
 Swiftness                Chrm/Air       #.......     95%         2    ###....
 Call Canine Familiar     Summ           #.......     99%         3    ####...
 Confusing Touch          Hex            #.......     99%         3    ####...
 Conjure Flame            Conj/Fire      #.......     99%         3    ####...
 Frozen Ramparts          Ice            #.....       99%         3    ####...
 Gell's Gravitas          Tloc           #.........   99%         3    ####...
 Ignite Poison            Fire/Tmut/Pois #.......     99%         3    ####...
 Inner Flame              Hex/Fire       #.......     99%         3    ####...
 Lesser Beckoning         Tloc           #.........   99%         3    ####...
 Mephitic Cloud           Conj/Pois/Air  #.......     99%         3    ####...
 Ozocubu's Armour         Chrm/Ice       #.......     99%         3    ####...
 Portal Projectile        Hex/Tloc       #.....       99%         3    ####...
 Recall                   Summ/Tloc      N/A          99%         3    ####...
 Static Discharge         Conj/Air       #.......     99%         3    ####...
 Stone Arrow              Conj/Erth      #.....       99%         3    ####...
 Summon Guardian Golem    Hex/Summ       #.......     99%         3    ####...
 Tukima's Dance           Hex            #.......     99%         3    ####...
 Airstrike                Air            #.........   100%        4    #####..
 Animate Dead             Necr           N/A          100%        4    #####..
 Cause Fear               Hex            #.........   100%        4    #####..
 Dispel Undead            Necr           #.......     100%        4    #####..
 Fulminant Prism          Conj/Hex       #.........   100%        4    #####..
 Hailstorm                Conj/Ice       #.......     100%        4    #####..
 Ice Form                 Ice/Tmut       #.......     100%        4    #####..
 Iskenderun's Mystic Bla  Conj/Tloc      #.......     100%        4    #####..
 Leda's Liquefaction      Hex/Erth       #.........   100%        4    #####..
 Olgreb's Toxic Radiance  Pois           #.......     100%        4    #####..
 Passage of Golubria      Tloc           N/A          100%        4    #####..
 Petrify                  Tmut/Erth      #.......     100%        4    #####..
 Sticky Flame             Conj/Fire      #.......     100%        4    #####..
 Summon Ice Beast         Ice/Summ       #.......     100%        4    #####..
 Summon Lightning Spire   Summ/Air       #.......     100%        4    #####..
 Agony                    Necr           #.......     100%        5    ######.
 Alistair's Intoxication  Tmut/Pois      #.......     100%        5    ######.
 Aura of Abjuration       Summ           #.........   100%        5    ######.
 Bolt of Magma            Conj/Fire/Erth #.........   100%        5    ######.
 Borgnjor's Vile Clutch   Necr/Erth      #.........   100%        5    ######.
 Excruciating Wounds      Chrm/Necr      #.........   100%        5    ######.
 Fireball                 Conj/Fire      #.........   100%        5    ######.
 Irradiate                Conj/Tmut      #.........   100%        5    ######.
 Lee's Rapid Deconstruct  Erth           #.........   100%        5    ######.
 Lightning Bolt           Conj/Air       #.........   100%        5    ######.
 Metabolic Englaciation   Hex/Ice        #.........   100%        5    ######.
 Silence                  Hex/Air        #.........   100%        5    ######.
 Summon Demon             Summ           #.........   100%        5    ######.
 Summon Forest            Summ/Tloc      #.........   100%        5    ######.
 Summon Mana Viper        Hex/Summ       #.......     100%        5    ######.
 Yara's Violent Unravell  Hex/Tmut       #.........   100%        5    ######.
 Conjure Ball Lightning   Conj/Air       #.........   100%        6    #######
 Darkness                 Hex            #.........   100%        6    #######
 Death Channel            Necr           #.........   100%        6    #######
 Deflect Missiles         Chrm/Air       #.........   100%        6    #######
 Dispersal                Tloc           #.........   100%        6    #######
 Eringya's Noxious Bog    Tmut/Pois      #.........   100%        6    #######
 Freezing Cloud           Conj/Ice/Air   #.........   100%        6    #######
 Hydra Form               Tmut           #.........   100%        6    #######
 Invisibility             Hex            #.......     100%        6    #######
 Ozocubu's Refrigeration  Ice            #.........   100%        6    #######
 Shadow Creatures         Summ           N/A          100%        6    #######
 Simulacrum               Ice/Necr       #.........   100%        6    #######
 Starburst                Conj/Fire      #.........   100%        6    #######
 Statue Form              Tmut/Erth      #........    100%        6    #######
 Dragon Form              Tmut           #.........   100%        7    #######
 Haunt                    Necr/Summ      #.........   100%        7    #######
 Malign Gateway           Summ/Tloc      #.........   100%        7    #######
 Monstrous Menagerie      Summ           #.........   100%        7    #######
 Ring of Flames           Chrm/Fire      #.........   100%        7    #######
 Spellforged Servitor     Conj/Summ      #.........   100%        7    #######
 Summon Greater Demon     Summ           #.........   100%        7    #######
 Summon Hydra             Summ           #.........   100%        7    #######
 Borgnjor's Revivificati  Necr           #.........   100%        8    #######
 Controlled Blink         Tloc           N/A          100%        8    #######
 Death's Door             Chrm/Necr      #.........   100%        8    #######
 Discord                  Hex            #.........   100%        8    #######
 Disjunction              Tloc           #.........   100%        8    #######
 Ignition                 Fire           #.........   100%        8    #######
 Infestation              Necr           #.........   100%        8    #######
 Necromutation            Tmut/Necr      #.........   100%        8    #######
 Summon Horrible Things   Summ           #.........   100%        8    #######
 Dragon's Call            Summ           #.........   100%        9    #######
 Shatter                  Erth           #.........   100%        9    #######
 Tornado                  Air            #.........   100%        9    #######


Dungeon Overview and Level Annotations

Branches:
Dungeon (15/15)            Temple (1/1) D:4            Lair (6/6) D:10
  Swamp (4/4) Lair:3        Snake (4/4) Lair:3        Slime (5/5) Lair:6
    Orc (2/2) D:9             Elf (3/3) Orc:2        Vaults (5/5) D:14
  Crypt (3/3) Vaults:2       Tomb (0/3) Crypt:3      Depths (5/5) D:15
   Hell (visited)             Dis (7/7) Hell            Geh (7/7) Hell
    Coc (7/7) Hell            Tar (7/7) Hell            Zot (5/5) Depths:5
Ossuary (visited)           IceCv (visited)          WizLab (visited)
Gauntlet (visited)

Altars:
Ashenzari
Cheibriados
Dithmenos
Elyvilon
Fedhas
Gozag
Hepliaklqana
Kikubaaqudgha
Makhleb
Nemelex Xobeh
Okawaru
Qazlal
Ru
Sif Muna
Trog
Uskayaw
Vehumet
Wu Jian
Xom
Yredelemnul
Zin
The Shining One
Jiyva

Shops:
D:8 **   D:10 %   Orc:2 **(:!   Elf:1 ([   Snake:1 ?   Snake:3 [   Vaults:4 [
Depths:1 %   Depths:2 *}==   Depths:3 *

Portals:
Hell: Depths:1 Depths:2 Depths:3 Depths:4 Depths:5
Abyss: Depths:1 Depths:4
Pandemonium: Depths:3 Depths:4
Ziggurat: Depths:2


Innate Abilities, Weirdness & Mutations

You revert to your normal form in water.
You are very nimble and swift while swimming.
You are very stealthy in the water. (Stealth+)
Scrolls take you a little longer to read.
Armour fits poorly on your strangely shaped body.
Your body sometimes deteriorates upon taking damage.
You are very dopey. (Int -4)
You are frail. (-10% HP)
Your magical capacity is extremely low. (-30% MP)
You occasionally shout uncontrollably at your foes.
You are resistant to electric shocks. (rElec)
You do not regenerate when monsters are visible.
Your muscles are strong. (Str +2)
You are occasionally teleported next to monsters.
Potions are poor at restoring your health.


Message History

You block the apis's attack.
You impale the apis!!
The apis is heavily wounded.
The cherub shoots a sling bullet.
You block the sling bullet.
You puncture the apis!
The apis is heavily wounded.
An angel comes into view. It is wielding a +1 whip of holy wrath.
You block the angel's attack. x2; The apis gores you but does no damage.
You feel very mighty all of a sudden. You block the angel's attack.
The angel completely misses you. You block the apis's attack.
The cherub sings a powerful hymn!
The angel goes into a battle-frenzy!
The angel hits you with a +2 whip of holy wrath!!
* * * LOW HITPOINT WARNING * * *
You block the angel's attack.
You impale the apis!!
The apis is severely wounded.
The apis gores you!
You die...

##≈≈≈≈≈≈≈..
##≈≈≈≈≈≈≈Y.##
##≈≈≈A≈≈≈≈≈≈..
##≈≈≈≈≈..≈≈≈≈≈.
≈≈≈≈≈≈≈...≈A≈≈≈
≈≈≈≈≈≈.._..≈≈≈≈
≈≈≈≈≈≈AY..≈≈≈≈≈
≈≈≈≈≈≈≈@≈≈≈≈≈≈≈
≈≈≈≈≈≈≈≈≈≈≈≈≈≈≈
≈≈≈≈≈###≈≈≈≈≈≈≈
≈≈≈≈ ###≈≈≈≈
##≈ ##≈ #


You could see 2 apis, 2 angels and a cherub.

Vanquished Creatures
  Asmodeus (Geh:7)
  Antaeus (Coc:7)
  Ereshkigal (Tar:7)
  the Royal Jelly (Slime:5)
  Mnoleg (Pan)
  the Serpent of Hell (Tar:7)
  A seraph (Pan)
  7 ancient liches
  5 orbs of fire (Zot:5)
  Dispater (Dis:7)
  Mara (Elf:3)
  A juggernaut (Depths:5)
  Boris (Crypt:3)
  10 shard shrikes
  Bai Suzhen (Snake:3)
  Saint Roka (Snake:3)
  5 Killer Klowns
  Vashnia (Snake:3)
  4 caustic shrikes (Depths:5)
  2 curse toes
  Frederick (Crypt:1)
  Geryon (Hell)
  9 golden dragons
  Jory (Vaults:3)
  5 pandemonium lords (Pan)
  Nikola (Vaults:2)
  2 profane servitors
  15 bone dragons
  22 Tzitzimimeh
  6 iron giants
  6 doom hounds
  16 Ice Fiends
  6 liches
  16 tentacled monstrosities
  4 electric golems
  16 Brimstone Fiends
  A hellephant (Depths:4)
  25 Orb Guardians
  16 titans
  7 Hell Sentinels
  7 quicksilver dragons
  9 deep elf blademasters
  6 deep elf master archers
  4 sphinxes
  A quicksilver dragon (shapeshifter) (Vaults:4)
  4 Executioners
  12 acid blobs
  7 death cobs
  19 ancient champions
  5 tentacled starspawn
  4 eldritch tentacles
  13 shadow dragons
  14 storm dragons
  Gastronok (Lair:2)
  7 draconian monks
  6 thorn hunters
  Roxanne (Swamp:4)
  Donald (Crypt:1)
  6 tengu reavers
  4 revenants
  11 nagarajas
  9 draconian knights
  8 azure jellies (Slime:5)
  25 frost giants
  31 fire giants
  3 daevas
  7 draconian scorchers
  8 deep elf sorcerers
  11 cacodemons
  15 vault wardens
  7 ghost moths
  16 balrugs
  An orc warlord (D:9)
  An emperor scorpion (shapeshifter) (Vaults:5)
  4 angels
  Aizul (Snake:3)
  A juggernaut zombie (Depths:1)
  2 curse skulls (Crypt:1)
  10 deep elf elementalists
  10 ghouls
  5 black suns (Pan)
  2 warmongers (Pan)
  4 draconian shifters
  58 reapers
  12 iron dragons
  5 draconian annihilators
  2 draconian stormcallers
  A caustic shrike skeleton (Crypt:2)
  18 very ugly things
  2 entropy weavers
  26 stone giants
  14 war gargoyles
  14 ironheart preservers
  5 ophanim (Pan)
  4 elemental wellsprings
  9 vampire knights
  An apis (Pan)
  3 spriggan defenders
  2 blood saints (Pan)
  27 large abominations
  3 corrupters (Pan)
  12 black draconians
  13 green draconians
  13 dire elephants (Depths:4)
  15 yellow draconians
  13 deep elf demonologists
  6 lorocyprocas
  10 deep elf annihilators
  11 purple draconians
  7 white draconians
  The ghost of Uhaprel the Cleaver, a journeyman MiFi of Okawaru (Snake:3)
  12 ettins
  A minotaur (Gauntlet)
  7 red draconians
  20 blizzard demons
  2 green deaths (Pan)
  3 mummy priests (Crypt:3)
  8 death oozes (Slime:5)
  5 eidola
  10 quicksilver dragon zombies
  6 deep elf high priests
  10 deep elf death magi
  2 spectral krakens (Tar:7)
  17 yaktaur captains
  4 kraken zombies
  6 jiangshi
  The ghost of Cunili the Carver, a journeyman DsFi of Hepliaklqana (Lair:1)
  14 fire dragons
  Fannar (Orc:1)
  7 rakshasas
  39 vault guards
  The ghost of antigravityiii the Destroyer, a journeyman DrCj of Sif Muna (D:12)
  2 shambling mangroves
  9 great orbs of eyes
  2 quicksilver dragon skeletons
  15 naga warriors
  2 monstrous demonspawn (Pan)
  29 hydras
  31 ice dragons
  5 centaur warriors
  3 ghost crabs
  An anaconda (shapeshifter) (Vaults:2)
  12 anacondas
  4 spriggan air magi
  52 two-headed ogres
  33 dancing weapons
  3 death knights
  12 ogre magi
  4 alligators
  5 death yaks
  11 deep troll earth magi
  16 naga sharpshooters
  32 hell hogs
  A shock serpent (shapeshifter) (Vaults:5)
  12 deep troll shamans
  A tengu warrior (Depths:4)
  2 thrashing horrors (Abyss:2)
  6 titan zombies
  3 spriggan berserkers
  8 vampire magi
  17 soul eaters
  12 shock serpents
  4 spriggans
  29 deep elf knights
  4 iron golems
  Nergalle (Lair:1)
  8 wretched stars
  3 storm dragon zombies
  3 salamander mystics
  4 iron trolls
  29 sun demons
  147 skeletal warriors
  15 small abominations
  7 titan skeletons
  A spatial maelstrom (Abyss:2)
  50 hell knights
  An unseen horror (shapeshifter) (Vaults:4)
  5 storm dragon skeletons
  4 golden dragon zombies
  3 unseen horrors
  A gelid demonspawn (Pan)
  8 cherubim (Pan)
  2 ghost moth zombies
  7 shadow wraiths
  A spriggan druid (Swamp:4)
  39 deep trolls
  A deep troll (shapeshifter) (Vaults:4)
  15 sixfirhies
  4 torturous demonspawn (Pan)
  11 flayed ghosts
  13 starcursed masses
  A sea snake (Snake:2)
  13 anaconda zombies
  6 swamp dragons
  11 naga ritualists
  A glowing orange brain (shapeshifter) (Vaults:5)
  An infernal demonspawn (Pan)
  A sea snake (shapeshifter) (D:10)
  22 deep elf archers
  6 glowing orange brains
  23 shadow demons
  6 golden dragon skeletons
  7 anaconda skeletons
  17 phantasmal warriors
  21 orc knights
  4 harpies
  23 ironbrand convokers
  4 wizards
  3 kraken simulacra (Coc:7)
  2 lindwurms
  6 shadow dragon zombies
  An obsidian statue (Depths:2)
  8 mana vipers
  12 necromancers
  3 wolf spider zombies
  An orb spider (Abyss:3)
  3 iron dragon zombies
  40 ugly things
  76 deep elf magi
  6 frost giant zombies
  2 manticores
  A faun (shapeshifter) (Vaults:5)
  The ghost of Rydian the Chiller, a novice MfIE (D:6)
  6 oklob plants
  3 wolf spiders
  A moth of wrath (shapeshifter) (Depths:2)
  4 salamanders (shapeshifter)
  4 fire giant zombies
  A shadow dragon skeleton (Coc:4)
  6 stone giant zombies
  29 moths of wrath
  5 cyclopes
  3 worldbinders
  5 orc sorcerers
  3 centaur zombies
  5 frost giant skeletons
  3 stone giant skeletons
  29 elephants
  3 guardian serpents
  17 salamanders
  11 shining eyes
  18 vault sentinels
  44 black mambas
  2 apocalypse crabs
  5 titan simulacra (Coc:7)
  5 ice statues
  3 iron dragon skeletons
  3 fire giant skeletons
  Maurice (D:9)
  51 rust devils
  11 orange demons
  3 dire elephant zombies
  A shock serpent zombie (Coc:4)
  Joseph (D:8)
  3 eyes of devastation (Pan)
  A torpor snail (shapeshifter) (Depths:5)
  A water nymph (shapeshifter) (Vaults:5)
  16 molten gargoyles
  26 smoke demons
  31 naga magi
  2 guardian serpents (shapeshifter)
  3 dire elephant skeletons
  17 spiny frogs
  Maggie (Lair:1)
  24 hellions
  2 catoblepas zombies
  A spiny frog (shapeshifter) (Vaults:4)
  A shock serpent skeleton (Coc:4)
  7 storm dragon simulacra
  A yaktaur (shapeshifter) (Vaults:4)
  4 rime drakes
  11 komodo dragons
  11 spectral swamp worms (Tar:7)
  An emperor scorpion zombie (Geh:7)
  A demonic crawler (Pan)
  23 freezing wraiths
  45 yaktaurs
  12 efreet
  7 anaconda simulacra (Coc:7)
  A red draconian zombie (Dis:6)
  An ancient zyme (Abyss:3)
  45 ice devils
  28 red devils
  A yaktaur skeleton (Vaults:2)
  14 guardian mummies
  8 hellwings
  4 trolls
  3 komodo dragons (shapeshifter)
  41 tormentors
  3 catoblepas skeletons
  A queen bee (Abyss:3)
  A queen bee (shapeshifter) (Depths:1)
  5 meliai (Abyss:3)
  2 meliai (shapeshifter)
  13 polar bears
  3 tengu conjurers
  2 silent spectres (Tar:7)
  A wolf spider simulacrum (Vaults:1)
  12 hornets
  2 harpy zombies
  2 jumping spiders (Zot:2)
  20 hydra zombies
  15 tyrant leeches
  A hornet (shapeshifter) (Vaults:1)
  13 blink frogs
  15 bog bodies
  A harpy skeleton (Coc:7)
  6 ice dragon zombies
  3 ettin zombies
  2 fire dragon zombies
  8 hydra skeletons
  A sphinx simulacrum (Vaults:3)
  62 slime creatures
  13 raiju
  4 dream sheep (Lair:6)
  12 hippogriffs
  A death drake skeleton (Crypt:3)
  A frost giant simulacrum (Coc:1)
  9 alligator zombies
  2 black mamba zombies
  A deep troll zombie (Depths:1)
  4 air elementals
  3 tarantellas (Zot:2)
  8 ettin skeletons
  99 flying skulls
  2 centaur simulacra
  A redback (Vaults:3)
  22 shadows
  10 water elementals
  2 spriggans (shapeshifter)
  6 alligator skeletons
  5 vampires
  32 wraiths
  11 ynoxinuls
  A human (shapeshifter) (D:15)
  4 fire bats (Geh:5)
  3 ice dragon skeletons
  17 fire elementals
  2 hogs (shapeshifter)
  6 wyverns
  4 hogs (D:9)
  4 fire dragon skeletons
  A human (D:9)
  20 neqoxecs (Pan)
  42 yaks
  An ushabti (Crypt:3)
  2 black mamba skeletons
  A golden eye (shapeshifter) (Vaults:1)
  9 basilisks
  8 hungry ghosts
  6 golden eyes
  7 chaos spawn
  The ghost of shmesh the Covered, an amateur DsWn (D:5)
  11 vampire mosquitoes
  Menkaure (D:5)
  40 nagas
  A gelid demonspawn zombie (Crypt:3)
  10 wargs
  3 hydra simulacra
  3 insubstantial wisps (Abyss:3)
  2 soldier ants (shapeshifter)
  19 swamp worms
  5 two-headed ogre zombies (WizLab)
  A merfolk zombie (Coc:7)
  4 acid dragons
  9 spiny frog zombies
  54 hell hounds
  8 spatial vortices
  3 deep troll skeletons
  A floating eye (Pan)
  10 porcupines
  Duvessa (D:6)
  7 water moccasins
  A merfolk skeleton (Crypt:2)
  12 ice beasts
  A spiny frog skeleton (Hell)
  A black bear (D:7)
  4 sky beasts
  10 snapping turtle zombies
  An alligator simulacrum (Coc:4)
  19 swamp drakes
  A deep troll simulacrum (Depths:1)
  2 swamp dragon zombies
  31 ogres
  57 orc warriors
  15 wolves
  An ettin simulacrum (Vaults:2)
  9 eyes of draining
  5 phantoms
  A manticore zombie (Dis:6)
  10 boggarts
  25 centaurs
  An eye of draining (shapeshifter) (Elf:1)
  3 elf skeletons
  20 necrophages
  A swamp dragon skeleton (Tar:7)
  7 crocodiles
  6 snapping turtle skeletons
  A dream sheep skeleton (Crypt:1)
  A big kobold (shapeshifter) (D:15)
  2 big kobolds
  An elf zombie (Tar:7)
  Blork the orc (D:5)
  A wyvern zombie (D:14)
  17 bullfrogs
  A hippogriff skeleton (Crypt:3)
  8 human skeletons
  Dowan (D:6)
  2 spiny frog simulacra
  A water moccasin skeleton (Crypt:1)
  10 troll zombies (WizLab)
  8 scorpions
  A raiju zombie (Crypt:2)
  22 killer bees
  A swamp dragon simulacrum (Crypt:3)
  A spriggan skeleton (Crypt:3)
  36 wights
  7 howler monkeys
  A raiju skeleton (Crypt:3)
  A troll skeleton (Crypt:1)
  2 electric eels
  5 lava snakes (Lair:6)
  8 crimson imps
  A basilisk zombie (Crypt:1)
  3 quasits
  4 hounds
  2 bullfrog zombies
  17 iron imps
  3 jellies
  21 orc priests
  28 orc wizards
  A gnoll shaman (D:6)
  4 human zombies
  4 bullfrog skeletons
  7 centaur skeletons
  12 worker ants
  4 iguanas
  2 killer bee zombies (Crypt:2)
  5 ogre zombies
  A crocodile zombie (Crypt:2)
  A tengu zombie (Dis:7)
  A big kobold zombie (Ossuary)
  3 bullfrog simulacra (Gauntlet)
  A crocodile skeleton (Crypt:3)
  A naga skeleton (Geh:4)
  3 hound zombies
  15 mummies
  A howler monkey zombie (D:9)
  3 worker ant zombies
  9 gnolls
  2 howler monkey skeletons
  11 adders
  10 shadow imps
  14 white imps
  An ooze (D:3)
  An adder skeleton (D:5)
  2 worms
  5 dart slugs
  5 leopard geckos
  102 orcs
  6 bats
  4 giant cockroaches
  A gnoll zombie (Ossuary)
  13 goblins
  9 hobgoblins
  10 jackals
  17 kobolds
  3 quokkas
  3 ball pythons
  4 frilled lizards
  A giant cockroach zombie (D:5)
  3 goblin zombies (Ossuary)
  A hobgoblin zombie (Ossuary)
  A kobold zombie (Ossuary)
  2 leopard gecko zombies
  2 orc zombies
  11 rats
  A rat zombie (Ossuary)
  4 briar patches
  A lurking horror (Abyss:2)
  A plant (Lair:6)
  6 starspawn tentacles (Abyss:2)
  13 tentacles
4395 creatures vanquished.

Vanquished Creatures (others)
  An Ice Fiend (Dis:7)
  2 eldritch tentacles
  A storm dragon (Zot:3)
  A ghost moth (Pan)
  An iron dragon (Vaults:5)
  An elemental wellspring (Coc:6)
  2 stone giants
  Nessos (Lair:5)
  A deep elf high priest (Vaults:5)
  3 yaktaur captains
  A rakshasa (D:15)
  A centaur warrior (Vaults:2)
  An ogre mage (Vaults:5)
  2 naga sharpshooters
  A deep elf knight (Elf:1)
  2 hell knights (Geh:3)
  A swamp dragon (Swamp:4)
  An orc knight (Vaults:4)
  2 deep elf archers (Elf:3)
  A necromancer (Geh:3)
  3 ugly things
  3 cyclopes
  A moth of wrath (Zot:3)
  2 naga magi
  15 yaktaurs
  A meliai (shapeshifter) (Elf:3)
  A jumping spider (Zot:2)
  A flying skull (Geh:7)
  2 shadows
  An alligator skeleton (Geh:7)
  A neqoxec (Pan)
  A naga (Snake:1)
  3 hell hounds (Geh:3)
  3 orc warriors
  A snapping turtle skeleton (Geh:3)
  6 ogres
  7 centaurs
  2 wights (Geh:3)
  2 iron imps
  A small abomination (Abyss:2)
  2 orc wizards
  3 orcs (Orc:2)
  A kobold skeleton (Geh:3)
  4 briar patches (Swamp:4)
  A bush (Lair:6)
  A crawling corpse (Vaults:5)
  81 fungi
  68 plants
  7 starspawn tentacles (Abyss:2)
  27 tentacles
279 creatures vanquished.

Grand Total: 4674 creatures vanquished

Notes
Turn   | Place    | Note
-------+----------+-------------------------------------------
     0 | D:1      | Faca the Merfolk Gladiator began the quest for the Orb.
     0 | D:1      | Reached XP level 1. HP: 16/16 MP: 1/1
    48 | D:1      | Reached XP level 2. HP: 14/23 MP: 2/2
   262 | D:1      | Reached skill level 5 in Polearms
   414 | D:1      | Reached XP level 3. HP: 26/29 MP: 3/3
  1007 | D:2      | Reached XP level 4. HP: 35/36 MP: 4/4
  1141 | D:2      | Found a sacrificial altar of Ru.
  1142 | D:2      | Found a blossoming altar of Fedhas.
  1187 | D:2      | Found a blossoming altar of Fedhas.
  1442 | D:2      | Found a hazy altar of Hepliaklqana.
  1591 | D:3      | Reached XP level 5. HP: 38/42 MP: 5/5
  1792 | D:3      | You fall into a shaft and drop 1 floor!
  1842 | D:4      | Noticed a phantom
  1844 | D:4      | Found a staircase to the Ecumenical Temple.
  1852 | Temple   | Entered the Ecumenical Temple
  1915 | Temple   | Became a worshipper of Warmaster Okawaru
  2681 | D:4      | Reached XP level 6. HP: 44/50 MP: 6/6
  2785 | D:4      | Killed a phantom
  2785 | D:4      | Reached skill level 5 in Fighting
  3267 | D:5      | Entered Level 5 of the Dungeon
  3280 | D:5      | Reached * piety under Okawaru
  3280 | D:5      | Reached XP level 7. HP: 57/57 MP: 7/7
  3376 | D:5      | Found a runed translucent door.
  3376 | D:5      | Noticed shmesh's ghost (amateur DsWn)
  3394 | D:5      | Noticed Blork the orc
  3409 | D:5      | Killed Blork the orc
  3723 | D:5      | Noticed Menkaure
  3775 | D:5      | Killed Menkaure
  3964 | D:5      | Reached ** piety under Okawaru
  4125 | D:5      | Reached XP level 8. HP: 67/67 MP: 8/8
  4320 | D:6      | Reached skill level 10 in Polearms
  4757 | D:6      | Noticed Duvessa
  4780 | D:6      | Killed Duvessa
  4789 | D:6      | Noticed Dowan
  4811 | D:6      | Killed Dowan
  5475 | D:6      | Reached *** piety under Okawaru
  5578 | D:6      | Found a runed translucent gate.
  5579 | D:6      | Found a runed translucent gate.
  5579 | D:6      | Found a runed translucent gate.
  5582 | D:6      | Noticed Rydian's ghost (novice MfIE)
  5645 | D:6      | Reached XP level 9. HP: 70/75 MP: 9/9
  6562 | D:7      | Found the +2 pair of boots of the Assassin {Detection Stab+
                  | Stlth++}
  6764 | D:7      | Reached skill level 10 in Fighting
  7108 | D:7      | Reached **** piety under Okawaru
  7138 | D:8      | Found an opulent altar of Gozag.
  7139 | D:8      | Found Gozag's Platinum Reserve.
  7193 | D:8      | Received a gift from Okawaru
  7271 | D:8      | Found a sand-covered staircase.
  7277 | Ossuary  | Entered an ossuary
  7669 | D:8      | Found a shimmering blue altar of Sif Muna.
  7680 | D:8      | Noticed Joseph
  7703 | D:8      | Killed Joseph
  7703 | D:8      | Reached XP level 10. HP: 54/86 MP: 7/10
  8116 | D:8      | Found Mekih's Assorted Antiques.
  9012 | D:8      | Identified a scroll of acquirement
  9089 | D:9      | Got an ancient lead ring
  9132 | D:9      | Identified the ring "Saomn" {*Corrode +Inv Str+4 Stlth+}
                  | (You found it on level 9 of the Dungeon)
  9281 | D:9      | Found a staircase to the Orcish Mines.
  9325 | D:9      | Noticed Maurice
  9595 | D:9      | Killed Maurice
  9595 | D:9      | Received a gift from Okawaru
  9595 | D:9      | Reached ***** piety under Okawaru
  9595 | D:9      | Reached skill level 15 in Polearms
  9995 | D:9      | Received a gift from Okawaru
 10253 | D:9      | Noticed a fire dragon
 10261 | D:9      | Killed a fire dragon
 10261 | D:9      | Reached XP level 11. HP: 96/96 MP: 11/11
 10405 | D:10     | Entered Level 10 of the Dungeon
 10771 | D:10     | Found Ubbuxisu's Food Emporium.
 10951 | D:10     | Found a staircase to the Lair.
 11132 | D:10     | Paralysed by a hornet for 1 turns
 11680 | D:10     | Found a blossoming altar of Fedhas.
 11682 | D:10     | Noticed an oklob plant
 11682 | D:10     | Noticed an oklob plant
 11683 | D:10     | Killed an oklob plant
 11905 | D:10     | Killed an oklob plant
 12501 | D:11     | Received a gift from Okawaru
 12816 | D:11     | Paralysed by an orc priest for 6 turns
 13407 | D:11     | Reached skill level 5 in Dodging
 13686 | D:11     | Noticed a cyclops
 13691 | D:11     | Killed a cyclops
 13707 | D:11     | Found a blossoming altar of Fedhas.
 13707 | D:11     | Noticed a phantasmal warrior
 13708 | D:11     | Noticed a yaktaur captain
 13710 | D:11     | Noticed a two-headed ogre
 13725 | D:11     | Killed a yaktaur captain
 13725 | D:11     | HP: 3/99 [phantasmal warrior (12)]
 14152 | D:11     | Reached XP level 12. HP: 106/106 MP: 12/12
 14161 | D:11     | Found a basalt altar of Yredelemnul.
 14539 | Lair:1   | Entered Level 1 of the Lair of Beasts
 14651 | Lair:1   | Reached ****** piety under Okawaru
 14706 | Lair:1   | Noticed Maggie
 14718 | Lair:1   | Killed Maggie
 14718 | Lair:1   | Reached skill level 1 in Shields
 14718 | Lair:1   | Reached skill level 1 in Invocations
 14874 | Lair:1   | Found a runed translucent gate.
 14875 | Lair:1   | Found a runed translucent gate.
 14875 | Lair:1   | Noticed Cunili's ghost (journeyman DsFi)
 14876 | Lair:1   | Found a runed translucent gate.
 14879 | Lair:1   | Noticed a nine-headed hydra
 14933 | Lair:1   | Received a gift from Okawaru
 16191 | Lair:2   | Noticed Nergalle
 16191 | Lair:2   | Noticed Gastronok
 16240 | Lair:1   | Killed Nergalle
 16782 | Lair:3   | Found a frozen archway.
 16811 | Lair:3   | Identified the +2 pair of boots of Xuilo {rPois} (You
                  | acquired it on level 3 of the Lair of Beasts)
 16820 | IceCv    | Entered an ice cave
 17773 | IceCv    | Noticed a frost giant
 18179 | IceCv    | Reached XP level 13. HP: 114/114 MP: 16/16
 18420 | IceCv    | Reached skill level 5 in Invocations
 18865 | Lair:3   | Found a staircase to the Swamp.
 19010 | Lair:3   | Received a gift from Okawaru
 19010 | Lair:3   | Reached skill level 5 in Shields
 19065 | Lair:3   | Found a staircase to the Snake Pit.
 19107 | Lair:3   | You fall into a shaft and drop 1 floor!
 19289 | Lair:4   | Reached skill level 15 in Fighting
 19711 | Lair:3   | Reached skill level 10 in Dodging
 20028 | Lair:3   | Got a flickering amber ring
 20039 | Lair:3   | Identified the ring of Suspected Treachery {MP+9 Int+2
                  | Stlth+} (You found it on level 3 of the Lair of Beasts)
 21454 | Lair:5   | Noticed Nessos
 22140 | Lair:5   | Reached XP level 14. HP: 83/123 MP: 13/19
 22412 | Lair:5   | Killed Nessos
 23106 | Lair:5   | Received a gift from Okawaru
 23637 | Lair:6   | Entered Level 6 of the Lair of Beasts
 25587 | Lair:6   | Got a fine steel ring
 25596 | Lair:6   | Identified the ring "Tumyha" {rN+ Int+3 Dex+4} (You found
                  | it on level 6 of the Lair of Beasts)
 25597 | Lair:6   | Identified the +2 chain mail "Boess" {rC- Regen+ Int+4}
                  | (You found it on level 6 of the Lair of Beasts)
 25613 | Lair:6   | Found a viscous altar of Jiyva.
 25613 | Lair:6   | Found a staircase to the Slime Pits.
 26193 | Lair:6   | Received a gift from Okawaru
 27049 | Lair:6   | Found a large runed translucent door.
 27050 | Lair:6   | Found a large runed translucent door.
 27584 | Lair:6   | Reached XP level 15. HP: 123/131 MP: 19/21
 28366 | Lair:2   | Killed Gastronok
 28445 | Lair:1   | Killed Cunili's ghost
 28680 | D:6      | Killed Rydian's ghost
 28759 | D:5      | Killed shmesh's ghost
 28957 | Snake:1  | Entered Level 1 of the Snake Pit
 29084 | Orc:1    | Entered Level 1 of the Orcish Mines
 29244 | Orc:1    | Noticed Fannar
 29260 | Orc:1    | Killed Fannar
 29501 | Orc:1    | Noticed an orc warlord
 29674 | D:9      | Received a gift from Okawaru
 29678 | D:9      | Got a pair of fine gloves {god gift}
 29688 | D:9      | Identified the +0 pair of gloves of the Thinker {Slay+6}
                  | (Okawaru gifted it to you on level 9 of the Dungeon)
 29760 | D:9      | Killed an orc warlord
 30098 | Orc:2    | Entered Level 2 of the Orcish Mines
 30928 | Orc:2    | Found Siq Zamae's Assorted Antiques.
 30979 | Orc:2    | Found a staircase to the Elven Halls.
 31036 | Orc:2    | Found Jidwuq's Antique Weapon Shop.
 31036 | Orc:2    | Found Xotez's Book Shoppe.
 31036 | Orc:2    | Found Durghes's Distillery.
 31039 | Orc:2    | Found Eseiter's Assorted Antiques.
 31346 | Orc:2    | Bought a runed trident for 123 gold pieces
 31377 | Orc:2    | Bought a transparent crystal plate armour for 2805 gold
                  | pieces
 31377 | Orc:2    | Identified the +4 crystal plate armour "Dualov" {rC+ MP+9
                  | Stlth+} (You bought it in a shop on level 2 of the Orcish
                  | Mines)
 31471 | D:8      | Bought a scroll of enchant armour for 255 gold pieces
 31471 | D:8      | Bought a scroll of enchant armour for 255 gold pieces
 31803 | D:12     | Found a gate leading to a gauntlet.
 31819 | Gauntlet | Entered a Gauntlet
 31819 | Gauntlet | Found a transporter.
 31828 | Gauntlet | Found a transporter.
 31843 | Gauntlet | Found a transporter.
 31848 | Gauntlet | Found a transporter.
 31863 | Gauntlet | Found a transporter.
 31882 | Gauntlet | Found a transporter.
 31901 | Gauntlet | Found a transporter.
 31901 | Gauntlet | Found a transporter.
 31911 | Gauntlet | Found a transporter.
 31920 | Gauntlet | Found a transporter.
 31925 | Gauntlet | Found a transporter.
 31929 | Gauntlet | Found a transporter.
 31950 | Gauntlet | Found a transporter.
 31955 | Gauntlet | Found a transporter.
 31957 | Gauntlet | Found a transporter.
 31976 | Gauntlet | Found a transporter.
 31982 | Gauntlet | Found a transporter.
 32027 | Gauntlet | Found a transporter.
 32220 | Gauntlet | Reached skill level 10 in Invocations
 32357 | Gauntlet | Got a translucent helmet
 32358 | Gauntlet | Identified the cursed +0 helmet "Vuossuddae" {rC- rCorr
                  | Int+4 Dex+2} (You found it in a Gauntlet)
 32473 | D:12     | Found a runed translucent door.
 32473 | D:12     | Noticed antigravityiii's ghost (journeyman DrCj)
 32527 | D:12     | Found a radiant altar of Vehumet.
 32871 | D:12     | Found a runed translucent door.
 33133 | D:12     | Received a gift from Okawaru
 33163 | D:12     | Got a transparent steel ring
 33174 | D:12     | Identified the ring "Boohoito" {*Contam rElec MR+ Int+3}
                  | (You found it on level 12 of the Dungeon)
 33760 | D:13     | Reached XP level 16. HP: 135/139 MP: 21/23
 34293 | D:14     | Found a gate to the Vaults.
 34318 | D:14     | Received a gift from Okawaru
 34347 | D:14     | Reached skill level 10 in Shields
 34945 | D:15     | Entered Level 15 of the Dungeon
 34979 | D:15     | Found a sacrificial altar of Ru.
 35045 | D:15     | Received a gift from Okawaru
 35218 | D:15     | Found a staircase to the Depths.
 36410 | Swamp:1  | Entered Level 1 of the Swamp
 36839 | Swamp:1  | Noticed a thorn hunter
 36876 | Swamp:1  | Killed a thorn hunter
 37851 | Swamp:2  | Noticed a thorn hunter
 38057 | Swamp:2  | Reached skill level 15 in Dodging
 38100 | Swamp:2  | Received a gift from Okawaru
 38511 | Swamp:2  | Got a serpentine tin amulet
 38512 | Swamp:2  | Identified the amulet "Ruipt" {Harm *Drain rF+ rC+} (You
                  | found it on level 2 of the Swamp)
 38522 | Swamp:2  | Reached skill level 1 in Armour
 38851 | Swamp:2  | Killed a thorn hunter
 38974 | Swamp:3  | Reached XP level 17. HP: 118/148 MP: 19/24
 38992 | Swamp:3  | Received a gift from Okawaru
 40149 | Swamp:4  | Entered Level 4 of the Swamp
 40411 | Swamp:4  | Identified Roxanne's Reference Book on Transmutation
 40411 | Swamp:4  | Noticed Roxanne
 40656 | Swamp:4  | Killed Roxanne
 40656 | Swamp:4  | Received a gift from Okawaru
 42599 | Swamp:3  | Received a gift from Okawaru
 43436 | Swamp:4  | Got a decaying rune of Zot
 43934 | Snake:1  | Received a gift from Okawaru
 44733 | Snake:1  | Found Sosothro's Magic Scroll Shop.
 44761 | Snake:1  | Reached XP level 18. HP: 100/157 MP: 16/25
 45693 | Snake:2  | Received a gift from Okawaru
 45731 | Snake:2  | Identified the +9 plate armour "Zudwe" {Dex+4} (You found
                  | it on level 2 of the Snake Pit)
 46079 | Snake:2  | Received a gift from Okawaru
 47561 | Snake:3  | Received a gift from Okawaru
 47586 | Snake:3  | Reached skill level 5 in Armour
 47618 | Snake:3  | HP: 6/158 [poisoned by a naga mage (bolt of poison)]
 47636 | Snake:2  | Received a gift from Okawaru
 47639 | Snake:2  | Got an ancient cloak {god gift}
 47678 | Snake:2  | Identified the +0 cloak of Epnur {rC+ rN+} (Okawaru gifted
                  | it to you on level 2 of the Snake Pit)
 48224 | Snake:3  | Found Fiagiwot's Armour Shoppe.
 48369 | Snake:3  | Noticed Aizul
 48391 | Snake:3  | Killed Aizul
 48529 | Snake:3  | Noticed Vashnia
 48603 | Snake:3  | Killed Vashnia
 49063 | Snake:4  | Entered Level 4 of the Snake Pit
 49063 | Snake:4  | Found a runed translucent gate.
 49063 | Snake:4  | Found a runed translucent gate.
 49073 | Snake:4  | Noticed Bai Suzhen
 49812 | Snake:3  | Killed Bai Suzhen
 49967 | Snake:4  | Noticed Uhaprel's ghost (journeyman MiFi)
 50086 | Snake:4  | Found a runed translucent gate.
 50128 | Snake:4  | Reached skill level 5 in Throwing
 50128 | Snake:4  | Reached XP level 19. HP: 114/165 MP: 26/26
 50470 | Snake:4  | Found an ornate altar of the Wu Jian Council.
 50574 | Snake:4  | Received a gift from Okawaru
 50613 | Snake:4  | Got a pair of spiked gloves {god gift}
 50614 | Snake:4  | Identified the +0 pair of gloves of Socaud {Dex+2} (Okawaru
                  | gifted it to you on level 4 of the Snake Pit)
 51338 | Snake:4  | Noticed Saint Roka
 51829 | Snake:3  | Killed Saint Roka
 53839 | Snake:4  | Received a gift from Okawaru
 53911 | Snake:4  | Got a serpentine rune of Zot
 54172 | Snake:3  | Killed Uhaprel's ghost
 54839 | Snake:1  | Bought a scroll of brand weapon for 200 gold pieces
 54839 | Snake:1  | Bought a scroll of enchant weapon for 75 gold pieces
 55048 | D:12     | Killed antigravityiii's ghost
 55133 | Vaults:1 | Entered Level 1 of the Vaults
 55369 | Vaults:1 | Paralysed by an ogre mage for 7 turns
 55392 | Vaults:1 | Paralysed by an ogre mage for 6 turns
 55957 | Vaults:1 | Reached XP level 20. HP: 168/174 MP: 27/27
 56203 | Vaults:1 | You fall into a shaft and drop 1 floor!
 56268 | Vaults:2 | Noticed Nikola
 56796 | Vaults:1 | Received a gift from Okawaru
 56910 | Vaults:1 | Received a gift from Okawaru
 57188 | Vaults:1 | Received a gift from Okawaru
 58396 | Vaults:1 | Found Lokkurar's Food Boutique.
 58614 | Vaults:2 | Received a gift from Okawaru
 60087 | Vaults:2 | Reached XP level 21. HP: 183/183 MP: 28/28
 60128 | Vaults:2 | Received a gift from Okawaru
 60132 | Vaults:2 | Killed Nikola
 60897 | Vaults:2 | Found a staircase to the Crypt.
 61216 | Vaults:3 | Upgraded the game from 0.25-a0-478-g33c61bd to
                  | 0.25-a0-488-g03579ab
 61481 | Vaults:3 | Reached skill level 15 in Shields
 61557 | Vaults:3 | Noticed a golden dragon
 61574 | Vaults:3 | Killed a golden dragon
 61574 | Vaults:3 | Reached skill level 10 in Throwing
 61719 | Vaults:3 | Noticed Jory
 61758 | Vaults:3 | Killed Jory
 62646 | Vaults:3 | Received a gift from Okawaru
 63147 | Vaults:3 | Received a gift from Okawaru
 63681 | Vaults:4 | Reached XP level 22. HP: 144/192 MP: 29/29
 63779 | Vaults:4 | Found a magical portal.
 64436 | WizLab   | Noticed an antique lich
 64444 | WizLab   | Killed an antique lich
 64444 | WizLab   | Received a gift from Okawaru
 64450 | WizLab   | Found the +9 sword of Zonguldrok {reap}
 65108 | Vaults:4 | Received a gift from Okawaru
 65747 | Vaults:4 | Found Cain's Antique Armour Shop.
 65755 | Vaults:4 | Bought a faintly glowing chain mail for 294 gold pieces
 65755 | Vaults:4 | Bought a pitted chain mail for 294 gold pieces
 65755 | Vaults:4 | Identified the +6 chain mail of Circular Logic {rF+ Dex+7}
                  | (You bought it in a shop on level 4 of the Vaults)
 65756 | Vaults:4 | Identified the +4 chain mail of Impermeability {*Slow Str+2
                  | Dex+3} (You bought it in a shop on level 4 of the Vaults)
 66724 | Depths:1 | Entered Level 1 of the Depths
 66884 | Depths:1 | Found a one-way gate to the infinite horrors of the Abyss.
 67084 | Depths:1 | Received a gift from Okawaru
 67247 | Depths:1 | Found Sosut's Food Emporium.
 67403 | Depths:1 | Found a gateway to Hell.
 67414 | Depths:1 | Reached XP level 23. HP: 201/201 MP: 30/30
 67901 | Depths:2 | Found Hybrumeu's Assorted Antiques.
 67922 | Depths:2 | Bought a scroll of enchant weapon for 292 gold pieces
 67922 | Depths:2 | Bought a potion of heal wounds for 195 gold pieces
 68222 | Depths:2 | Found Kazoan's Gadget Emporium.
 68223 | Depths:2 | Found Ywi Bot's Jewellery Boutique.
 68223 | Depths:2 | Found Ixomut's Jewellery Boutique.
 68231 | Depths:2 | Bought a cursed amulet of inaccuracy for 34 gold pieces
 68379 | Depths:2 | Found a gateway to a ziggurat.
 68438 | Depths:2 | Found a transporter.
 68879 | Depths:2 | Found a transporter.
 70359 | Depths:3 | Received a gift from Okawaru
 70727 | Depths:3 | Found Qieff's General Store.
 70775 | Depths:3 | Received a gift from Okawaru
 71228 | Depths:3 | Found a one-way gate leading to the halls of Pandemonium.
 71447 | Depths:4 | Received a gift from Okawaru
 71463 | Depths:4 | Reached skill level 27 in Polearms
 72105 | Depths:4 | Reached XP level 24. HP: 207/207 MP: 30/30
 72746 | Depths:5 | Entered Level 5 of the Depths
 72870 | Depths:5 | Noticed a caustic shrike
 72884 | Depths:5 | Killed a caustic shrike
 72898 | Depths:5 | Noticed a caustic shrike
 72898 | Depths:5 | Noticed a caustic shrike
 72899 | Depths:5 | Noticed a caustic shrike
 72913 | Depths:5 | Killed a caustic shrike
 72918 | Depths:5 | Killed a caustic shrike
 72927 | Depths:5 | Killed a caustic shrike
 73190 | Depths:5 | Noticed a juggernaut
 73216 | Depths:5 | Killed a juggernaut
 73216 | Depths:5 | Received a gift from Okawaru
 73221 | Depths:5 | Paralysed by a sphinx for 2 turns
 73423 | Depths:5 | Received a gift from Okawaru
 74822 | Depths:5 | Found a gate to the Realm of Zot.
 76102 | Elf:1    | Entered Level 1 of the Elven Halls
 76794 | Elf:1    | Found a runed translucent gate.
 76794 | Elf:1    | Found a runed translucent gate.
 76794 | Elf:1    | Found a runed translucent gate.
 76794 | Elf:1    | Found a runed translucent gate.
 76794 | Elf:1    | Found a runed translucent gate.
 76796 | Elf:1    | Found a runed translucent gate.
 77002 | Elf:1    | Found Febusk's Antique Armour Boutique.
 77007 | Elf:1    | Found Guotiof's Antique Weapon Boutique.
 77033 | Elf:1    | Bought a glowing kite shield for 180 gold pieces
 77033 | Elf:1    | Bought a runed cloak for 180 gold pieces
 77033 | Elf:1    | Bought a pair of embroidered boots for 180 gold pieces
 77264 | Elf:1    | Identified the ring of Cowardice {rPois MR- Dex+8}
 77355 | Elf:1    | Reached XP level 25. HP: 216/216 MP: 30/30
 77453 | Elf:1    | Identified the +3 chain mail of the Buccaneer {rC+} (You
                  | found it on level 1 of the Elven Halls)
 78063 | Elf:2    | Received a gift from Okawaru
 78562 | Elf:2    | Found a huge runed translucent gate.
 78565 | Elf:2    | Found a huge runed translucent gate.
 78565 | Elf:2    | Found a huge runed translucent gate.
 78566 | Elf:2    | Found a huge runed translucent gate.
 78567 | Elf:2    | Found a huge runed translucent gate.
 79237 | Elf:3    | Entered Level 3 of the Elven Halls
 80099 | Elf:3    | Noticed Mara
 80172 | Elf:3    | Killed Mara
 80173 | Elf:3    | Received a gift from Okawaru
 80391 | Elf:3    | Reached skill level 10 in Armour
 80579 | Elf:3    | Found the +7 Singing Sword {vorpal, sonic wave}
 80635 | Elf:3    | Found the +1 cloak of Starlight {rElec rC+ EV+4 Stlth--}
 80638 | Elf:3    | Identified Xurustrewk's Papyrus of Good Luck and Summoning
 80657 | Elf:3    | Identified the +5 plate armour of Vyocoan {+Blink rC+
                  | Regen+ rCorr} (You found it on level 3 of the Elven Halls)
 81265 | Vaults:5 | Entered Level 5 of the Vaults
 81296 | Vaults:5 | Received a gift from Okawaru
 81296 | Vaults:5 | Reached XP level 26. HP: 171/226 MP: 26/30
 81297 | Vaults:5 | Received a gift from Okawaru
 81298 | Vaults:5 | Got a pair of heavily runed gloves {god gift}
 81313 | Vaults:4 | Identified the +5 pair of gloves "Kownet" {rElec Int+5}
                  | (Okawaru gifted it to you on level 5 of the Vaults)
 82604 | Vaults:5 | Identified the amulet "Omappuel" {Spirit Str+6 Int+4 SInv}
 82988 | Vaults:4 | Received a gift from Okawaru
 83467 | Vaults:4 | Got a spiked chain mail {god gift}
 83469 | Vaults:4 | Identified the +3 chain mail of Jytwew {Regen+ Int+5}
                  | (Okawaru gifted it to you on level 4 of the Vaults)
 84097 | Vaults:5 | Got a silver rune of Zot
 84647 | Vaults:5 | Reached XP level 27. HP: 239/239 MP: 30/30
 85701 | Zot:1    | Entered Level 1 of the Realm of Zot
 85964 | Zot:1    | Received a gift from Okawaru
 86163 | Zot:1    | Received a gift from Okawaru
 86481 | Zot:1    | Received a gift from Okawaru
 86770 | Zot:2    | Received a gift from Okawaru
 86778 | Zot:2    | Identified the +1 trident "Panaviru" {venom, Int+2}
                  | (Okawaru gifted it to you on level 2 of the Realm of Zot)
 87856 | Zot:3    | Received a gift from Okawaru
 88710 | Zot:4    | Received a gift from Okawaru
 88744 | Zot:4    | Identified the +3 trident of the Vase {vorpal, *Drain +Rage
                  | Dex+6} (Okawaru gifted it to you on level 4 of the Realm of
                  | Zot)
 89066 | Zot:4    | Got a warped lead ring
 89067 | Zot:4    | Identified the ring "Ridoes" {MR+ Str+5 Stlth+} (You found
                  | it on level 4 of the Realm of Zot)
 89251 | Zot:4    | Received a gift from Okawaru
 89616 | Zot:5    | Entered Level 5 of the Realm of Zot
 90499 | Zot:5    | Noticed an ancient lich
 90515 | Zot:5    | Killed an ancient lich
 90695 | Zot:5    | Noticed an ancient lich
 90705 | Zot:5    | Noticed an ancient lich
 90706 | Zot:5    | Killed an ancient lich
 90706 | Zot:5    | Received a gift from Okawaru
 90706 | Zot:5    | Reached skill level 27 in Dodging
 90708 | Zot:5    | Noticed an orb of fire
 90710 | Zot:5    | Noticed an ancient lich
 90710 | Zot:5    | Noticed an ancient lich
 90786 | Zot:5    | Killed an orb of fire
 90923 | Zot:5    | Killed an ancient lich
 90933 | Zot:5    | Killed an ancient lich
 90947 | Zot:5    | Killed an ancient lich
 90947 | Zot:5    | Received a gift from Okawaru
 90966 | Zot:5    | Reached skill level 15 in Throwing
 90980 | Zot:5    | Received a gift from Okawaru
 90989 | Zot:5    | Identified the +6 spear of the Hawk {flame, Fragile rElec
                  | Int+7} (Okawaru gifted it to you on level 5 of the Realm of
                  | Zot)
 91215 | Zot:5    | Identified the +0 spear "Woduu" {freeze, rElec rPois Str-3
                  | SInv} (Okawaru gifted it to you on level 5 of the Realm of
                  | Zot)
 91239 | Zot:5    | Noticed an orb of fire
 91244 | Zot:5    | Noticed an orb of fire
 91251 | Zot:5    | Killed an orb of fire
 91272 | Zot:5    | Killed an orb of fire
 91763 | Zot:5    | Received a gift from Okawaru
 91793 | Zot:5    | Noticed an ancient lich
 91806 | Zot:5    | Killed an ancient lich
 91806 | Zot:5    | Received a gift from Okawaru
 91833 | Zot:5    | Noticed an orb of fire
 91839 | Zot:5    | Gained mutation: Your spells are a little easier to cast,
                  | but a little less powerful. [an orb of fire]
 91844 | Zot:5    | Killed an orb of fire
 91844 | Zot:5    | Received a gift from Okawaru
 92022 | Zot:5    | Noticed an orb of fire
 92027 | Zot:5    | Gained mutation: Your magical capacity is low. (-10% MP)
                  | [an orb of fire]
 92034 | Zot:5    | Gained mutation: You are weak. (Str -2) [an orb of fire]
 92037 | Zot:5    | Killed an orb of fire
 92625 | Depths:1 | Voluntarily entered the Abyss.
 92948 | Abyss:2  | Received a gift from Okawaru
 93209 | Abyss:2  | Received a gift from Okawaru
 93214 | Abyss:2  | Identified the +0 spear "Zugozycs" {freeze, Dex+3 Stlth+}
                  | (Okawaru gifted it to you on level 2 of the Abyss)
 93531 | Abyss:2  | Found a corrupted altar of Lugonu.
 93567 | Abyss:2  | Paralysed by accursed screaming for 1 turns
 93568 | Abyss:3  | Found a corrupted altar of Lugonu.
 93792 | Abyss:3  | Got an abyssal rune of Zot
 94125 | Abyss:3  | Received a gift from Okawaru
 94198 | Depths:1 | Escaped the Abyss
 94448 | Slime:1  | Entered Level 1 of the Pits of Slime
 94458 | Slime:1  | Gained mutation: Armour fits poorly on your strangely
                  | shaped body. [a shining eye]
 94953 | Slime:2  | Gained mutation: Scrolls take you a little longer to read.
                  | [a shining eye]
 95024 | Slime:5  | Entered Level 5 of the Pits of Slime
 95068 | Slime:5  | Noticed the Royal Jelly
 95392 | Depths:3 | Bought a scroll of torment for 97 gold pieces
 95809 | Slime:5  | Killed the Royal Jelly
 95883 | Slime:5  | Reached skill level 27 in Fighting
 95972 | Slime:5  | Got a slimy rune of Zot
 96007 | Slime:5  | Got a heavily runed silver ring
 96010 | Slime:5  | Identified the ring "Faquin" {MR+ Dex+6} (You found it on
                  | level 5 of the Pits of Slime)
 96022 | Slime:5  | Identified Sif Muna's Handbook of Transmutation and Aid
 96045 | Slime:5  | Got a twitching platinum ring
 96048 | Slime:5  | Identified the ring "Yjekh" {rCorr Dex+8 Stlth-} (You found
                  | it on level 5 of the Pits of Slime)
 96049 | Slime:5  | Identified the Handbook of the Burning Entourage
 96084 | Slime:5  | Identified the Reference Book on Necromancy
 96226 | Lair:6   | Lost mutation: Armour fits poorly on your strangely shaped
                  | body. [potion of mutation]
 96226 | Lair:6   | Lost mutation: Your spells are a little easier to cast, but
                  | a little less powerful. [potion of mutation]
 96226 | Lair:6   | Gained mutation: Your body sometimes deteriorates upon
                  | taking damage. [potion of mutation]
 96226 | Lair:6   | Gained mutation: You are resistant to electric shocks.
                  | (rElec) [potion of mutation]
 96227 | Lair:6   | Lost mutation: You are weak. (Str -2) [potion of mutation]
 96227 | Lair:6   | Lost mutation: Scrolls take you a little longer to read.
                  | [potion of mutation]
 96227 | Lair:6   | Lost mutation: Your body sometimes deteriorates upon taking
                  | damage. [potion of mutation]
 96227 | Lair:6   | Lost mutation: Your magical capacity is low. (-10% MP)
                  | [potion of mutation]
 96227 | Lair:6   | Gained mutation: Your spells are a little harder to cast,
                  | but a little more powerful. [potion of mutation]
 96227 | Lair:6   | Gained mutation: Your muscles are strong. (Str +2) [potion
                  | of mutation]
 96227 | Lair:6   | Gained mutation: You are robust. (+10% HP) [potion of
                  | mutation]
 96480 | Temple   | Fell from the grace of Okawaru
 96480 | Temple   | Became a worshipper of the Shining One
 96833 | Crypt:1  | Entered Level 1 of the Crypt
 96927 | Crypt:1  | Noticed Frederick
 96949 | Crypt:1  | Killed Frederick
 96989 | Crypt:1  | Reached * piety under the Shining One
 98006 | Crypt:1  | Reached ** piety under the Shining One
 98062 | Crypt:1  | Noticed Donald
 98079 | Crypt:1  | Killed Donald
 98196 | Crypt:1  | Reached *** piety under the Shining One
 98586 | Crypt:2  | Reached **** piety under the Shining One
 98980 | Crypt:2  | Reached ***** piety under the Shining One
 99663 | Crypt:3  | Entered Level 3 of the Crypt
 99665 | Crypt:3  | Noticed Boris
 99681 | Crypt:3  | Killed Boris
100108 | Crypt:3  | Reached ****** piety under the Shining One
100150 | Crypt:3  | Found a staircase to the Tomb.
100389 | Crypt:3  | Identified a +9 trishula of holy wrath (a +9 vorpal demon
                  | trident blessed by the Shining One)
100389 | Crypt:3  | Received a gift from the Shining One
101039 | Crypt:3  | Found an ancient bone altar of Kikubaaqudgha.
101048 | Crypt:3  | Found a basalt altar of Yredelemnul.
101066 | Crypt:3  | Found the +3 hat of Pondering {ponderous, MR+ MP+10 Int+5}
101083 | Crypt:3  | Identified the Collected Works on Good Luck and
                  | Transmutation
101478 | Hell     | Entered the Vestibule of Hell
101478 | Hell     | Noticed Geryon
101492 | Hell     | Gained mutation: Scrolls take you a little longer to read.
                  | [a cacodemon]
101559 | Hell     | Killed Geryon
101738 | Hell     | Found a gateway to the decaying netherworld of Tartarus.
101829 | Hell     | Found a gateway to the ashen valley of Gehenna.
101919 | Hell     | Found a gateway to the Iron City of Dis.
102514 | Hell     | Found a gateway to the freezing wastes of Cocytus.
102637 | Dis:1    | Entered Level 1 of the Iron City of Dis
102646 | Dis:1    | Was forgiven by Okawaru
102959 | Dis:3    | Gained mutation: Your magical capacity is low. (-10% MP)
                  | [mutagenic glow]
103018 | Dis:5    | Gained mutation: Your magical capacity is very low. (-20%
                  | MP) [mutagenic glow]
104263 | Dis:7    | Entered Level 7 of the Iron City of Dis
104655 | Dis:7    | Reached skill level 15 in Armour
104719 | Dis:7    | Reached skill level 15 in Invocations
105403 | Dis:7    | Identified the +4 staff of Dispater
105403 | Dis:7    | Noticed Dispater
105416 | Dis:7    | Killed Dispater
105445 | Dis:7    | Got an iron rune of Zot
105584 | Dis:7    | Identified Caus's Tome of Creative Weightlessness
105872 | Dis:7    | Identified Sif Muna's Handbook of the Mountains and
                  | Protection
105887 | Dis:7    | Identified the +0 plate armour of Insecurity {-Cast Int+3
                  | Dex+4} (You found it on level 7 of the Iron City of Dis)
106133 | Tar:1    | Entered Level 1 of Tartarus
106987 | Tar:7    | Entered Level 7 of Tartarus
107388 | Tar:7    | Got a wavering copper ring
107391 | Tar:7    | Identified the ring of Zoilyt Kieti {Ice MR+ Dex+3} (You
                  | found it on level 7 of Tartarus)
107425 | Tar:7    | Noticed the Serpent of Hell
107438 | Tar:7    | Killed the Serpent of Hell
107548 | Tar:7    | Found the +12 Vampire's Tooth {vamp}
107737 | Tar:7    | Noticed Ereshkigal
107767 | Tar:7    | Killed Ereshkigal
107785 | Tar:7    | Identified Further Progress in Theurgy
107796 | Tar:7    | Got a bone rune of Zot
108058 | Coc:1    | Entered Level 1 of Cocytus
109226 | Coc:7    | Entered Level 7 of Cocytus
109707 | Coc:7    | Noticed Antaeus
109741 | Coc:7    | Killed Antaeus
109819 | Coc:7    | Identified a +0 pair of boots of running (You found it on
                  | level 7 of Cocytus)
109836 | Coc:7    | Got an icy rune of Zot
109984 | Coc:7    | Identified the ring of Kyefixte {Wiz rN+ Int+6 Slay-4}
110104 | Coc:7    | Reached skill level 27 in Shields
110383 | Geh:1    | Entered Level 1 of Gehenna
111113 | Geh:7    | Entered Level 7 of Gehenna
111390 | Geh:7    | Identified the +7 sceptre of Asmodeus
111390 | Geh:7    | Noticed Asmodeus
111401 | Geh:7    | Killed Asmodeus
111492 | Geh:7    | Got an obsidian rune of Zot
112291 | Pan      | Entered Pandemonium
112308 | Pan      | Noticed Reiwasud the pandemonium lord
112310 | Pan      | Gained mutation: Potions are less effective at restoring
                  | your health. [a neqoxec]
112315 | Pan      | Killed Reiwasud the pandemonium lord
112342 | Pan      | Got a demonic rune of Zot
112791 | Pan      | Noticed Rati the pandemonium lord
112808 | Pan      | Killed Rati the pandemonium lord
112813 | Pan      | Gained mutation: You are dopey. (Int -2) [a cacodemon]
112864 | Pan      | Found a runed translucent door.
112864 | Pan      | Found a runed translucent door.
112871 | Pan      | Found a runed translucent door.
112875 | Pan      | Noticed Tauxo the pandemonium lord
112878 | Pan      | Killed Tauxo the pandemonium lord
112886 | Pan      | Found a runed translucent door.
113074 | Pan      | Noticed Koquevur the pandemonium lord
113087 | Pan      | Killed Koquevur the pandemonium lord
113092 | Pan      | Gained mutation: Potions are poor at restoring your health.
                  | [a cacodemon]
113216 | Pan      | Found a runed translucent door.
113253 | Pan      | Gained mutation: Your body sometimes deteriorates upon
                  | taking damage. [a neqoxec]
113256 | Pan      | Lost mutation: Your spells are a little harder to cast, but
                  | a little more powerful. [a neqoxec]
113261 | Pan      | Gained mutation: You are very dopey. (Int -4) [a neqoxec]
113263 | Pan      | Noticed Ofit the pandemonium lord
113282 | Pan      | Killed Ofit the pandemonium lord
113339 | Pan      | Lost mutation: You are robust. (+10% HP) [a cacodemon]
113504 | Pan      | Entered the realm of Mnoleg.
113539 | Pan      | Paralysed by a floating eye for 2 turns
113545 | Pan      | Gained mutation: Your magical capacity is extremely low.
                  | (-30% MP) [a shining eye]
113545 | Pan      | Gained mutation: You occasionally shout uncontrollably at
                  | your foes. [a shining eye]
113566 | Pan      | Gained mutation: You are frail. (-10% HP) [a neqoxec]
113583 | Pan      | Gained mutation: You do not regenerate when monsters are
                  | visible. [a neqoxec]
113603 | Pan      | Noticed Mnoleg
113611 | Pan      | Paralysed by a floating eye for 3 turns
113612 | Pan      | Gained mutation: You are occasionally teleported next to
                  | monsters. [Mnoleg's mutagenic touch]
113623 | Pan      | Gained mutation: Armour fits poorly on your strangely
                  | shaped body. [a neqoxec]
113627 | Pan      | Killed Mnoleg
113700 | Pan      | Got a glowing rune of Zot
113789 | Pan      | Found a glowing golden altar of the Shining One.
113790 | Pan      | Noticed a seraph
113804 | Pan      | Killed a seraph
113901 | Pan      | Identified Cuzenk's Guide on the Excruciating Rocks
114198 | Pan      | HP: 7/224 [daeva/divine providence (11)]
114210 | Pan      | Found a white marble altar of Elyvilon.
114216 | Pan      | HP: 7/224 [angel/+2 whip of holy wrath (18)]
114217 | Pan      | Mangled by an apis

Levels and vault maps discovered:
D:1:      dpeg_arrival_pits, layout_loops_ring
D:2:      minmay_general_purpose_star, layout_basic, marbit_many_paths,
          gammafunk_temple_overflow_statue, fedhas_altar_3
D:3:      layout_loops_ring, minmay_misc_feat_secret_circle
D:4:      layout_basic, minmay_temple_entry_waves, serial_glass,
          glass_columns_a, glass_columns_c
D:5:      layout_rooms, first_ration, gammafunk_ghost_grave, kennysheep_dice,
          uniq_blork_the_orc, uniq_menkaure
D:6:      layout_cave_pools, gammafunk_ghost_split, uniq_duvessa
D:7:      layout_rooms, hangedman_decor_clover_reticule, hangedman_decor_points
D:8:      layout_layer_cave, nicolae_gozag_zags_fifth_avenue, basic_altar,
          serial_shops, shop, enter_ossuary_3, uniq_joseph
D:9:      dragon1_lemuel, layout_long_grid, erik_orc_4, grunt_livestock,
          uniq_maurice
D:10:     minmay_s_stair_smasher, layout_layer_cave, serial_shops,
          kennysheep_mini, glass_columns_a, hex_tiny, hangedman_tree_tricks
D:11:     layout_long_grid, jmf_multi_god_temple
D:12:     minmay_the_grid_triangle_9x9_rhombus_full
          [minmay_the_grid_triangle_9x9_negative_grid,
          minmay_the_grid_triangle_9x9_semitri,
          minmay_the_grid_triangle_9x9_subtriangle,
          minmay_the_grid_triangle_9x9_steps,
          minmay_the_grid_triangle_9x9_descending_squares,
          minmay_the_grid_triangle_9x9_intruding_spiral,
          minmay_the_grid_triangle_9x9_longest,
          minmay_the_grid_triangle_9x9_prize_schism], layout_loops_ring,
          basic_altar, hellmonk_ghost_happy_afterlife, gauntlet_entry_generic,
          hangedman_decor_opposing
D:13:     layout_irregular_city
D:14:     layout_loops_ring, erik_vaults_2, chequers_hall_statues_corner_a
D:15:     gammafunk_enter_depths_forms, layout_loops_ring,
          minmay_tree_intersection, hangedman_abyss_or_decor_stabs,
          minmay_misc_feat_rugged, nicolae_ru_awakened_eye
Temple:   eino_narrow_crystal_temple
Lair:1:   layout_chaotic_city, gammafunk_ghost_hydra_chop, lemuel_fruit_tree,
          infiniplex_staircase_pool_2, uniq_maggie
Lair:2:   wander_river, layout_loops_ring, grunt_megastairs_3,
          serial_bayou_shore_a, uniq_nergalle, uniq_gastronok
Lair:3:   layout_cave_pods, minmay_swamp_entry_swarm,
          minmay_snake_entry_spellcaster, portal_ice_cave_entry_pillars_1,
          serial_bayou_shore_b
Lair:4:   layout_cave_pods
Lair:5:   beast_lair_carwin_large_3, layout_regular_city, serial_bayou_shore_b,
          uniq_nessos
Lair:6:   cheibrodos_lair_end_hotspot, layout_loops_ring, slime_altar_1,
          minmay_lair_oklob_chamber, infiniplex_staircase_pool
Swamp:1:  layout_falls_marsh, evilmike_swamp_ruin_rubble_1
Swamp:2:  layout_basic_swamp, serial_swamp_ruin, evilmike_swamp_ruin_rubble_2,
          evilmike_swamp_ruin_house_5, evilmike_swamp_ruin_house_3, swamp_pool4
Swamp:3:  layout_falls_marsh, evilmike_swamp_ruin_house_1, swamp_pool4
Swamp:4:  swamp_basic_johnstein, layout_basic_swamp, uniq_roxanne
Snake:1:  layout_onion, serial_shops, shop_scrolls
Snake:2:  layout_chambers, serial_bayou_lagoon_a, st_stairs_5
Snake:3:  layout_misc_corridors, serial_shops, shop, grunt_ministairs_10,
          serial_bayou_shore_b, uniq_vashnia, uniq_aizul
Snake:4:  snake_pit, layout_onion_interference, basic_altar,
          gammafunk_ghost_split, serial_bayou_shore_b, uniq_saint_roka,
          uniq_bai_suzhen
Slime:1:  layout_caves
Slime:2:  layout_caves
Slime:3:  layout_caves
Slime:4:  layout_caves, cheibrodos_slime_lost_civilization_7
Slime:5
Orc:1:    layout_caves, uniq_fannar
Orc:2:    st_orc_rangers, layout_diamond_mine, serial_shops, nicolae_shop_trees,
          nooodl_orcs_dogs
Elf:1:    layout_gridlike, orc_legates, laboratory, minmay_shop_star,
          grunt_megastairs_4
Elf:2:    layout_onion_city
Elf:3:    minmay_elf_hall_hex, layout_rooms, uniq_mara
Vaults:1: st_octagons_2, vaults_room_grunt_arrival_ludios, v_misc_33,
          v_alt_pattern_4, ontoclasm_vaults_spin, nicolae_vaults_asterisk,
          v_misc_31, nicolae_vaults_three_branches, v_misc_22,
          ontoclasm_vaults_loading_screen, v_misc_24, vaults_room_fours,
          layout_vaults_big_room, serial_shops, shop
Vaults:2: minmay_crypt_entry_skeletal_spiral, v_misc_4,
          nicolae_vaults_little_squares_5, vaults_dpeg_spiral,
          nicolae_vaults_little_squares_4, nicolae_vaults_mini_display_case,
          layout_vaults_quadrants, uniq_nikola
Vaults:3: ontoclasm_vaults_ligature, nicolae_vaults_little_squares_4,
          vaults_mumra_chevron_long, nicolae_vaults_murderbox,
          dpeg_vaults_monster_row, v_alt_pattern_5, vaults_room_ringed_pool,
          nicolae_vaults_little_ls, hangedman_vaults_locks,
          nicolae_vaults_asterisk, vaults_dpeg_hooks,
          nicolae_vaults_yaktaur_gun_rack, vaults_mumra_hexcomb,
          layout_vaults_omnicross, uniq_margery, uniq_jory
Vaults:4: dpeg_vaults_pockets_of_resistance, nicolae_vaults_little_squares_2,
          vaults_standard_mumra_lines, v_misc_15, v_rooms_6,
          hangedman_vaults_stream, ontoclasm_vaults_fault,
          vaults_room_door_hall, v_pattern_5, nicolae_vaults_ninety_degrees,
          v_misc_25, serial_ice_m, nicolae_vaults_rhombus_7,
          layout_vaults_omnibox, mu_enter_wizlab_3, serial_shops,
          nicolae_shop_competitors_out_of_business
Vaults:5: serial_shops
Crypt:1:  layout_chaotic_city, roderic_lattice_octagonal_star, uniq_frederick,
          uniq_donald
Crypt:2:  layout_gridlike
Crypt:3:  lightli_unholy_cathedral, layout_chaotic_city,
          tomb_entry_sphere_bobbens, uniq_boris
Depths:1: layout_honeycomb, minmay_misc_feat_columns, hell_entry, abyss_entry,
          serial_shops, nicolae_shop_crystal, kennysheep_boxes
Depths:2: gammafunk_sealed_arena, layout_gridville, enter_ziggurat_c,
          hell_entry, serial_shops, nicolae_shop_crystal,
          chequers_serial_rivers_room_b, minmay_shop_grove
Depths:3: lemuel_flame_loot_2, layout_cave_pools, pan_entry, hell_entry,
          serial_shops, nicolae_shop_trees, minmay_guarded_unrand_curses
Depths:4: mu_elephants_graveyard, layout_gridville, pf_coc_iceberg,
          hangedman_abyss_entry_splay, hangedman_abyss_or_decor_clamps,
          rand_demon_pan_entry_1, minmay_misc_feat_x
Depths:5: evilmike_zot_entry_round, layout_cave_shapes,
          hangedman_tar_grid_catacomb, drop_trap
Hell
Dis:1:    layout_regular_city
Dis:2:    layout_gridville
Dis:3:    kennysheep_iron_temple, layout_subdivisions
Dis:4:    layout_regular_city
Dis:5:    layout_chaotic_city
Dis:6:    layout_chaotic_city
Dis:7:    iron_city_of_dis [dis_old, dis_wall_4], layout_chaotic_city
Geh:1:    layout_gehenna_lava_caves
Geh:2:    layout_gehenna_pools_box
Geh:3:    layout_gehenna_pools_basic
Geh:4:    layout_gehenna_lava_caves
Geh:5:    layout_gehenna_lava_caves
Geh:6:    layout_gehenna_pools_box, grunt_megastairs_2
Geh:7:    geh_hangedman
Coc:1:    layout_cocytus_water_paths
Coc:2:    layout_ice_bergs
Coc:3:    layout_ice_bergs
Coc:4:    layout_ice_bergs
Coc:5:    layout_ice_bergs
Coc:6:    layout_ice_bergs
Coc:7:    coc_hangedman
Tar:1:    layout_cathedral_of_symmetry
Tar:2:    layout_cathedral_of_symmetry, nicolae_tar_cuneiform_bread, door_vault
Tar:3:    layout_grid_maze
Tar:4:    layout_cathedral_of_symmetry
Tar:5:    layout_grid_maze, nicolae_tar_cuneiform_bird
Tar:6:    layout_grid_maze
Tar:7:    tar_minmay_river
Zot:1:    kennysheep_six_static_rooms, layout_onion_interference
Zot:2:    layout_gridlike, st_stairs_10, hangedman_spider_trapstep
Zot:3:    layout_gridlike
Zot:4:    layout_onion
Zot:5:    layout_basic
Pan:      grunt_pan_zigzag, layout_irregular_city, uniq_mennas_pan,
          gammafunk_the_bubble [the_bubble_gammafunk_crates], layout_small_grid,
          grunt_pan_in_and_out, layout_irregular_city, nicolae_pan_sick_transit,
          evilmike_mini_pan_possible_glass, layout_long_grid,
          nicolae_pan_strange_glyphs [nicolae_pan_strange_glyph_disappointment,
          nicolae_pan_strange_glyph_despair,
          nicolae_pan_strange_glyph_schadenfreude,
          nicolae_pan_strange_glyph_rage], nicolae_pan_cerebovesque_1,
          nicolae_pan_sigil_obb, rand_demon_3, layout_gridville, rand_demon_7,
          layout_gridlike, nicolae_pan_sigil_uleosi,
          regret_index_pan_draining_boxed, layout_pan_divisions_a
          [pan_division_quadrant_a4, pan_division_quadrant_a3,
          pan_division_quadrant_a3, pan_division_quadrant_a2,
          pan_division_octagon_empty], evilmike_mini_pan_diamond,
          layout_grid_shapes, pan_blood_fountain_small, evilmike_mnoleg_eyes,
          layout_long_grid, evilmike_holy_pan

Skill      XL: |  1  2  3  4  5  6  7  8  9 10 11 12 13 14 15 16 17 18 19 20 21 22 23 24 25 26 27 |
---------------+----------------------------------------------------------------------------------+-----
Polearms       | 5 6 7 8 9 11 13 16 17 18 19 20 21 22 23 24 25 26 27 | 27.0
Fighting       | 3 4 5 7 8 10 12 13 14 15 16 17 18 19 20 21 22 23 24 27 | 27.0
Dodging        | 6 8 10 12 13 15 16 17 18 19 20 21 22 23 24 25 27 | 27.0
Shields        | 4 6 8 9 11 12 13 14 15 16 17 18 19 20 27 | 27.0
Invocations    | 4 7 8 10 23 | 23.7
Armour         | 1 4 5 6 8 10 20 | 20.1
Throwing       | 5 7 9 10 11 23 | 23.5

Action                   |  1- 3 |  4- 6 |  7- 9 | 10-12 | 13-15 | 16-18 | 19-21 | 22-24 | 25-27 || total
-------------------------+-------+-------+-------+-------+-------+-------+-------+-------+-------++-------
Melee: Trident           |   145 |   206 |   562 |   956 |  1814 |  2121 |   698 |       |   866 ||  7368
       Tailslap          |       |       |     1 |     3 |     1 |    63 |       |       |    85 ||   153
       Demon trident     |       |       |       |       |       |       |  1330 |  1903 |  2832 ||  6065
       Trishula          |       |       |       |       |       |       |       |       |  4335 ||  4335
Throw: Boomerang         |       |       |       |    14 |    71 |     7 |       |       |       ||    92
       Throwing net      |       |       |       |     3 |       |       |       |       |       ||     3
       Javelin           |       |       |       |       |       |       |       |     2 |    62 ||    64
Invok: Heroism           |       |       |     5 |     5 |     7 |     6 |     2 |     2 |     4 ||    31
       Finesse           |       |       |       |       |     2 |       |     1 |     5 |    10 ||    18
       Cleansing Flame   |       |       |       |       |       |       |       |       |    31 ||    31
       Divine Shield     |       |       |       |       |       |       |       |       |     4 ||     4
       Brand Weapon With |       |       |       |       |       |       |       |       |     1 ||     1
Evoke: Wand              |       |       |       |       |     2 |       |       |     1 |       ||     3
  Use: Scroll            |       |    11 |    10 |    10 |    18 |     7 |    12 |     4 |    48 ||   120
       Potion            |       |       |     2 |     7 |       |    14 |       |     2 |    25 ||    50
 Stab: Sleeping          |     1 |       |     1 |    35 |    32 |    42 |     1 |     1 |     1 ||   114
       Distracted        |       |       |       |     8 |     6 |     6 |     2 |     5 |     1 ||    28
       Held in net/web   |       |       |       |     1 |       |       |       |       |       ||     1
       Confused          |       |       |       |       |       |     1 |       |       |       ||     1
       Paralysed         |       |       |       |       |       |       |       |       |     1 ||     1
  Eat: Chunk             |       |     8 |    13 |    17 |    37 |    21 |    21 |    31 |    43 ||   191
       Ration            |       |       |       |     5 |     4 |     9 |     7 |     4 |    26 ||    55
Armor: Leather armour    |    29 |       |       |       |       |       |       |       |       ||    29
       Scale mail        |       |    65 |   153 |    35 |       |       |       |       |       ||   253
       Ring mail         |       |       |       |    79 |       |       |       |       |       ||    79
       Acid dragon scale |       |       |       |    76 |   293 |   150 |       |       |       ||   519
       Swamp dragon scal |       |       |       |       |       |   105 |   107 |       |       ||   212
       Skin              |       |       |       |       |       |    10 |       |       |     2 ||    12
       Storm dragon scal |       |       |       |       |       |       |   126 |    59 |       ||   185
       Chain mail        |       |       |       |       |       |       |       |   150 |   137 ||   287
       Gold dragon scale |       |       |       |       |       |       |       |       |  1048 ||  1048
Dodge: Dodged            |    73 |    70 |   246 |   399 |   825 |  1078 |   865 |   727 |  3595 ||  7878
Block: Other             |       |       |     1 |    41 |       |       |       |       |       ||    42
       Reflection        |       |       |       |     5 |    62 |   101 |   193 |    73 |    95 ||   529
       Buckler           |       |       |       |   118 |    54 |       |       |       |       ||   172
       Kite shield       |       |       |       |       |  1175 |  1339 |  1399 |  1147 |  5168 || 10228

Table legend:
 A = Non-vault XP
 B = Vault XP
 C = Vault XP percentage of total XP
 D = Non-vault monster count
 E = Vault monster count
 F = Vault count percentage of total count
                 A         B        C        D         E       F
            +---------+---------+-------+---------+---------+-------
      Total | 1819257 | 1461985 |  44.6 |    2913 |    1405 |  32.5
            +---------+---------+-------+---------+---------+-------
        D:1 |      68 |       0 |   0.0 |      38 |       0 |   0.0
        D:2 |      67 |       1 |   1.5 |      17 |       1 |   5.6
        D:3 |     155 |       0 |   0.0 |      28 |       0 |   0.0
        D:4 |     211 |       0 |   0.0 |       7 |       0 |   0.0
        D:5 |     722 |     478 |  39.8 |      17 |       4 |  19.0
        D:6 |     613 |    1225 |  66.6 |      21 |       7 |  25.0
        D:7 |    1423 |       0 |   0.0 |      27 |       0 |   0.0
        D:8 |    1432 |     434 |  23.3 |      44 |       1 |   2.2
        D:9 |    3899 |    2943 |  43.0 |      25 |      22 |  46.8
       D:10 |     907 |    3240 |  78.1 |      19 |      18 |  48.6
       D:11 |    3659 |    2641 |  41.9 |      39 |       3 |   7.1
       D:12 |    1407 |    9507 |  87.1 |      10 |      24 |  70.6
       D:13 |    2324 |       0 |   0.0 |      10 |       0 |   0.0
       D:14 |    9582 |    7972 |  45.4 |      22 |       8 |  26.7
       D:15 |   11185 |    4364 |  28.1 |      37 |       9 |  19.6
     Lair:1 |    3604 |    3229 |  47.3 |      12 |       4 |  25.0
     Lair:2 |    3148 |    2399 |  43.2 |      13 |       4 |  23.5
     Lair:3 |    6586 |    1557 |  19.1 |      22 |       7 |  24.1
     Lair:4 |   12023 |     949 |   7.3 |      45 |       2 |   4.3
     Lair:5 |   11449 |    6973 |  37.9 |      26 |      15 |  36.6
     Lair:6 |    8387 |   10847 |  56.4 |      23 |      32 |  58.2
    Swamp:1 |    9501 |       0 |   0.0 |      24 |       0 |   0.0
    Swamp:2 |   12252 |       0 |   0.0 |      31 |       0 |   0.0
    Swamp:3 |   12428 |     967 |   7.2 |      27 |       1 |   3.6
    Swamp:4 |   10371 |   23571 |  69.4 |      27 |      29 |  51.8
    Snake:1 |   17324 |       0 |   0.0 |      34 |       0 |   0.0
    Snake:2 |   18368 |    2722 |  12.9 |      32 |       2 |   5.9
    Snake:3 |   21052 |   31523 |  60.0 |      35 |      22 |  38.6
    Snake:4 |   24953 |   32832 |  56.8 |      48 |      58 |  54.7
    Slime:1 |    2317 |       0 |   0.0 |       7 |       0 |   0.0
    Slime:2 |    9735 |       0 |   0.0 |      16 |       0 |   0.0
    Slime:3 |    1562 |       0 |   0.0 |       5 |       0 |   0.0
    Slime:5 |    2965 |   32897 |  91.7 |       7 |      17 |  70.8
      Orc:1 |    2300 |    1023 |  30.8 |      33 |       1 |   2.9
      Orc:2 |    1545 |    8516 |  84.6 |       7 |      53 |  88.3
      Elf:1 |   23163 |   23342 |  50.2 |      35 |      42 |  54.5
      Elf:2 |   17814 |   22760 |  56.1 |      27 |      29 |  51.8
      Elf:3 |   14281 |   61995 |  81.3 |      22 |      38 |  63.3
   Vaults:1 |   43891 |   25505 |  36.8 |      76 |      40 |  34.5
   Vaults:2 |   50541 |   14782 |  22.6 |      70 |      26 |  27.1
   Vaults:3 |   38872 |   26795 |  40.8 |      62 |      26 |  29.5
   Vaults:4 |   21914 |   93198 |  81.0 |      39 |      87 |  69.0
   Vaults:5 |   33688 |  107256 |  76.1 |      42 |      79 |  65.3
    Crypt:1 |   28499 |    6796 |  19.3 |      40 |       2 |   4.8
    Crypt:2 |   30745 |       0 |   0.0 |      39 |       0 |   0.0
    Crypt:3 |   19764 |   51060 |  72.1 |      30 |      43 |  58.9
   Depths:1 |   32581 |       0 |   0.0 |      48 |       0 |   0.0
   Depths:2 |   62192 |   12011 |  16.2 |      72 |       9 |  11.1
   Depths:3 |   25433 |    2049 |   7.5 |      45 |       9 |  16.7
   Depths:4 |   26326 |   22550 |  46.1 |      29 |      20 |  40.8
   Depths:5 |   64402 |   19795 |  23.5 |      40 |      12 |  23.1
       Hell |   22870 |   36524 |  61.5 |      33 |      51 |  60.7
      Dis:1 |   13393 |       0 |   0.0 |      24 |       0 |   0.0
      Dis:2 |    8590 |       0 |   0.0 |      19 |       0 |   0.0
      Dis:3 |   13943 |       0 |   0.0 |      20 |       0 |   0.0
      Dis:4 |     780 |       0 |   0.0 |       3 |       0 |   0.0
      Dis:5 |    3092 |       0 |   0.0 |       7 |       0 |   0.0
      Dis:6 |   42981 |       0 |   0.0 |      75 |       0 |   0.0
      Dis:7 |   70514 |   88195 |  55.6 |      89 |      56 |  38.6
      Geh:1 |   13190 |       0 |   0.0 |      24 |       0 |   0.0
      Geh:2 |    1982 |       0 |   0.0 |       8 |       0 |   0.0
      Geh:3 |   24572 |       0 |   0.0 |      52 |       0 |   0.0
      Geh:4 |    1751 |       0 |   0.0 |       4 |       0 |   0.0
      Geh:5 |   24209 |       0 |   0.0 |      66 |       0 |   0.0
      Geh:6 |     741 |    4889 |  86.8 |       2 |       9 |  81.8
      Geh:7 |   51995 |   93162 |  64.2 |      83 |      80 |  49.1
      Coc:1 |   22481 |       0 |   0.0 |      42 |       0 |   0.0
      Coc:2 |     963 |       0 |   0.0 |       3 |       0 |   0.0
      Coc:3 |    3992 |       0 |   0.0 |       6 |       0 |   0.0
      Coc:4 |   29859 |       0 |   0.0 |      67 |       0 |   0.0
      Coc:5 |    3577 |       0 |   0.0 |       8 |       0 |   0.0
      Coc:6 |   58045 |       0 |   0.0 |      83 |       0 |   0.0
      Coc:7 |   50468 |   89640 |  64.0 |      46 |      80 |  63.5
      Tar:1 |   24821 |       0 |   0.0 |      48 |       0 |   0.0
      Tar:2 |    1470 |       0 |   0.0 |       4 |       0 |   0.0
      Tar:3 |   33501 |       0 |   0.0 |      31 |       0 |   0.0
      Tar:4 |   24274 |       0 |   0.0 |      22 |       0 |   0.0
      Tar:6 |   38742 |       0 |   0.0 |      37 |       0 |   0.0
      Tar:7 |   77727 |   83051 |  51.7 |      84 |      53 |  38.7
      Zot:1 |   46531 |   10588 |  18.5 |      34 |       6 |  15.0
      Zot:2 |   29368 |    8674 |  22.8 |      22 |      14 |  38.9
      Zot:3 |   55870 |       0 |   0.0 |      32 |       0 |   0.0
      Zot:4 |   77067 |    8759 |  10.2 |      44 |       3 |   6.4
      Zot:5 |   26891 |  177423 |  86.8 |      14 |      39 |  73.6
    Abyss:1 |    1172 |       0 |   0.0 |       3 |       0 |   0.0
    Abyss:2 |   31958 |       0 |   0.0 |      51 |       0 |   0.0
    Abyss:3 |   29622 |    9095 |  23.5 |      48 |      21 |  30.4
        Pan |   75883 |  152437 |  66.8 |      89 |     119 |  57.2
    Ossuary |       0 |     188 | 100.0 |       0 |      16 | 100.0
      IceCv |       0 |    7853 | 100.0 |       0 |      35 | 100.0
     WizLab |   16742 |    5348 |  24.2 |      35 |       5 |  12.5
   Gauntlet |       0 |    3455 | 100.0 |       0 |      12 | 100.0
            +---------+---------+-------+---------+---------+-------
